 Dungeon Crawl Stone Soup version 0.31-a0-193-gdfe2569204 (webtiles) character file.

Game seed: 17036976187476494136

97 qw the Shooter (level 4, -1/25 HPs)
             Began as a Deep Elf Hunter on June 24, 2023.
             Slain by a jackal (2 damage)
             ... on level 3 of the Dungeon.
             The game lasted 00:00:42 (2199 turns).

qw the Shooter (Deep Elf Hunter)                    Turns: 2199, Time: 00:00:42

Health: -1/25      AC:  9    Str: 10    XL:     4   Next: 42%
Magic:  6/6        EV: 11    Int: 14    God:
Gold:   198        SH:  0    Dex: 24    Spells: 3/3 levels left

rFire   . . .        Y - +0 shortbow (chaos)
rCold   . . .        (shield currently unavailable)
rNeg    . . .        e - +0 ring mail
rPois   .            l - +0 helmet
rElec   .            (no cloak)
rCorr   .            (no gloves)
SInv    .            (no boots)
Will    .....        (no amulet)
Stlth   ++           a - +6 ring of dexterity
HPRegen 0.24/turn    (no ring)
MPRegen 0.10/turn

%: no passive effects
@: about to teleport
A: iridescent scales 1, shaggy fur 1, wild magic 1, devolution 1
a: no special abilities


You were on level 3 of the Dungeon.
You visited 1 branch of the dungeon, and saw 4 of its levels.

You collected 198 gold pieces.


Innate Abilities, Weirdness & Mutations

You are partially covered in iridescent scales. (AC +2)
You are covered in fur. (AC +1)
Your spells are a little harder to cast, but a little more powerful.
You have hidden genetic defects.


   Skills:
 - Level 1.5 Fighting
 + Level 7.8 Ranged Weapons
 - Level 2.4 Dodging
 - Level 1.2 Stealth


You had 3 spell levels left.
You didn't know any spells.
Your spell library was empty.

Inventory:

Hand Weapons
 Y - a +0 shortbow of chaos (weapon)
Armour
 e - a +0 ring mail (worn)
 l - a +0 helmet (worn)
Jewellery
 a - a +6 ring of dexterity (left hand)
Scrolls
 b - 2 scrolls of teleportation
 j - a scroll of identify
Potions
 g - a potion of attraction {unknown}
 h - a potion of resistance {unknown}
 i - a potion of heal wounds
 k - a potion of enlightenment {unknown}
 n - a potion of might {unknown}
 p - a potion of brilliance {unknown}

Dungeon Overview and Level Annotations

Branches:
Dungeon (4/15)
 Temple: D:4-7

Altars:
Gozag
Nemelex Xobeh

Annotations:
D:3 Blork the orc
D:4 Grinder


Message History

You hear a shout!
The jackal bites you but does no damage.
The jackal closely misses you. The jackal bites you.
The ufetubus hits you but does no damage.
The ufetubus barely misses you. The ball python closely misses you.
The ball python constricts you.
Grinder comes into view.
The jackal barely misses you. x2; The jackal bites you.
The ufetubus barely misses you. x2; The ball python completely misses you.
The ball python constricts you.
You shoot an arrow. The arrow hits the ball python.
The arrow burns the ball python.
You kill the ball python!
You kill the ufetubus!
The jackal closely misses you. The jackal barely misses you.
The jackal misses you.
A hound comes into view.
Blork the orc hits you with a +0 flail.
2196 ||| STAIRDANCE The jackal barely misses you.
The jackal bites you but does no damage.
The jackal barely misses you. Blork the orc casts a spell at you.
The puff of flame hits you but does no damage.
The jackal bites you but does no damage.
The jackal barely misses you. The jackal bites you.
You climb upwards.
There is a stone staircase leading down, spattered with blood here.
You shoot an arrow. The arrow hits Blork the orc!
Blork the orc is moderately wounded.
Blork the orc points at you and mumbles some strange words.
The puff of flame hits you! The jackal barely misses you.
The jackal bites you. x2
Blork the orc hits you with a +0 flail.
The jackal bites you but does no damage.
The jackal barely misses you.
2199 ||| READING 3 scrolls of teleportation.
As you read the scroll of teleportation, it crumbles to dust.
You feel strangely unstable. The jackal bites you.
You die...

......# #.# #...##...##.#######
......# #.## ######.####........
####### #..##### ##..##...#####.
##.....# ##...........##.
#..)#.###.....#......##.
##########.#)#......._.#..##..##.
...........#...#.......#..##..##.
..............).ho..####..##.....
..........######@##.......##...##
..........#....hh.........##..##
..........#.####.#...#######..#
........).#.####.#...#######..#
......)...#......#............#
..........######.#............#
.................#..#.#..######
..........######<#....#..#
#####'#'##########.......#


You could see Blork the orc (fast) and 3 jackals.

Vanquished Creatures
  Robin (D:3)
  2 adders (D:2)
  An ufetubus (D:4)
  A dart slug (D:2)
  7 bats
  3 endoplasms (D:2)
  5 giant cockroaches
  12 goblins
  8 hobgoblins
  5 jackals
  A quokka (D:3)
  2 ball pythons
  9 frilled lizards
  A kobold (D:1)
  A rat (D:2)
59 creatures vanquished.

Notes
Turn   | Place    | Note
-------+----------+-------------------------------------------
     0 | D:1      | qw the Deep Elf Hunter began the quest for the Orb.
     0 | D:1      | Reached XP level 1. HP: 12/12 MP: 3/3
     0 | D:1      | 0 ||| qw: Version: 0.3-a-9-g12657ce
     0 | D:1      | 0 ||| qw: Game counter: 4690
     0 | D:1      | 0 ||| qw: Always use a shield: true
     0 | D:1      | 0 ||| qw: God list: Okawaru
     0 | D:1      | 0 ||| qw: Allow faded altars: false
     0 | D:1      | 0 ||| qw: Do Orc after D:15 true
     0 | D:1      | 0 ||| qw: Do second Lair branch before Depths: true
     0 | D:1      | 0 ||| qw: Lair rune preference: random
     0 | D:1      | 0 ||| qw: Plans: Normal
     0 | D:1      | 0 ||| PLANNING D:1-11
   143 | D:1      | Reached XP level 2. HP: 16/16 MP: 4/4
   168 | D:1      | Reached skill level 6 in Ranged Weapons
   754 | D:1      | 754 ||| UPGRADING to +0 ring mail.
   764 | D:1      | 764 ||| DROPPING +0 leather armour.
   765 | D:1      | 765 ||| READING scroll labelled IWAUMU JIRCHY.
   766 | D:1      | 766 ||| READING scroll labelled BEABBY MOTODACW.
   767 | D:1      | 767 ||| DRINKING 2 amethyst potions.
   768 | D:1      | 768 ||| DROPPING scroll of butterflies.
  1028 | D:2      | Reached XP level 3. HP: 20/20 MP: 5/5
  1092 | D:2      | Reached skill level 7 in Ranged Weapons
  1340 | D:2      | 1340 ||| UPGRADING to +6 ring of dexterity.
  1341 | D:2      | 1341 ||| READING 2 scrolls labelled ERAYCL HICYDIASEO.
  1345 | D:2      | 1345 ||| READING scroll labelled ZAEMOL KAIGROA.
  1346 | D:2      | 1346 ||| DRINKING 2 dark potions.
  1346 | D:2      | Gained mutation: You occasionally lose the ability to read
                  | scrolls when taking damage. [potion of mutation]
  1346 | D:2      | Gained mutation: You are weak. (Str -2) [potion of
                  | mutation]
  1347 | D:2      | 1347 ||| DRINKING potion of mutation.
  1347 | D:2      | Lost mutation: You occasionally lose the ability to read
                  | scrolls when taking damage. [potion of mutation]
  1347 | D:2      | Lost mutation: You are weak. (Str -2) [potion of mutation]
  1347 | D:2      | Gained mutation: Armour fits poorly on your strangely
                  | shaped body. [potion of mutation]
  1347 | D:2      | Gained mutation: You occasionally shout uncontrollably at
                  | your foes. [potion of mutation]
  1347 | D:2      | Gained mutation: You are vulnerable to heat. (rF-) [potion
                  | of mutation]
  1595 | D:3      | Noticed Robin
  1604 | D:3      | Killed Robin
  1605 | D:3      | Reached XP level 4. HP: 18/25 MP: 6/6
  1656 | D:3      | Found an opulent altar of Gozag.
  1769 | D:3      | Found a sparkling altar of Nemelex Xobeh.
  1810 | D:3      | 1810 ||| DRINKING potion of mutation.
  1810 | D:3      | Lost mutation: You occasionally shout uncontrollably at
                  | your foes. [potion of mutation]
  1810 | D:3      | Lost mutation: You are vulnerable to heat. (rF-) [potion of
                  | mutation]
  1810 | D:3      | Lost mutation: Armour fits poorly on your strangely shaped
                  | body. [potion of mutation]
  1810 | D:3      | Gained mutation: You have hidden genetic defects. [potion
                  | of mutation]
  1810 | D:3      | Gained mutation: Your spells are a little harder to cast,
                  | but a little more powerful. [potion of mutation]
  1810 | D:3      | Gained mutation: You are partially covered in iridescent
                  | scales. (AC +2) [potion of mutation]
  1810 | D:3      | Gained mutation: You are covered in fur. (AC +1) [potion of
                  | mutation]
  2130 | D:3      | 2130 ||| UPGRADING to +0 helmet.
  2135 | D:3      | 2135 ||| READING scroll labelled KAATIU EVIRA.
  2136 | D:3      | 2136 ||| READING scroll labelled WALOKL WO VEHO.
  2137 | D:3      | 2137 ||| READING scroll labelled NEB DUFEBIEDI.
  2138 | D:3      | 2138 ||| DRINKING 3 sedimented clear potions.
  2158 | D:3      | 2158 ||| READING 2 scrolls of identify.
  2158 | D:3      | 2158 ||| IDENTIFYING yellow potion
  2159 | D:3      | 2159 ||| DROPPING 2 potions of lignification.
  2160 | D:3      | 2160 ||| DROPPING potion of berserk rage.
  2192 | D:4      | Noticed Blork the orc
  2194 | D:4      | Noticed Grinder
  2196 | D:4      | 2196 ||| STAIRDANCE
  2198 | D:3      | HP: 5/25 [Blork the orc/puff of flame (12)]
  2198 | D:3      | HP: 1/25 [Blork the orc/+0 flail (2)]
  2199 | D:3      | 2199 ||| READING 3 scrolls of teleportation.
  2199 | D:3      | Slain by a jackal

Levels and vault maps discovered:
D:1:      matt_arrival_grand_opening, layout_basic
D:2:      layout_basic, minmay_3d_cube
D:3:      layout_basic, nemelex_xobeh_ov_fountains_minmay,
          mainiacjoe_overflow_chevrons, skrybe_limestone_x, uniq_robin
D:4:      layout_loops_ring, general_overflow_altar, doesnt_xom_only_xom,
          nicolae_dithmenos_the_darkroom, uniq_grinder, uniq_eustachio,
          uniq_blork_the_orc, uniq_edmund

Skill      XL: |  1  2  3 |
---------------+----------+-----
Ranged Weapons | 6 7 |  7.8
Fighting       | |  1.5
Dodging        | |  2.4
Stealth        | |  1.2

Action                     |  1- 3 |  4- 6 || total
---------------------------+-------+-------++-------
   Fire: Shortbow          |    96 |    26 ||   122
    Use: Scroll            |     4 |     5 ||     9
         Potion            |     3 |     2 ||     5
 Armour: Leather armour    |     1 |       ||     1
         Ring mail         |     8 |    14 ||    22
  Dodge: Dodged            |    11 |    26 ||    37

Table legend:
 A = Non-vault XP
 B = Vault XP
 C = Vault XP percentage of total XP
 D = Non-vault monster count
 E = Vault monster count
 F = Vault count percentage of total count
                 A         B        C        D         E       F
            +---------+---------+-------+---------+---------+-------
      Total |      99 |      40 |  28.8 |      44 |      15 |  25.4
            +---------+---------+-------+---------+---------+-------
        D:1 |      22 |       0 |   0.0 |      15 |       0 |   0.0
        D:2 |      53 |       5 |   8.6 |      18 |       2 |  10.0
        D:3 |      12 |      35 |  74.5 |       8 |      13 |  61.9
        D:4 |      12 |       0 |   0.0 |       3 |       0 |   0.0
            +---------+---------+-------+---------+---------+-------
